 Dungeon Crawl Stone Soup version 0.19-a0-1555-g1831138 (webtiles) character file.

30941 Trateck the Thaumaturge (level 13, 0/78 HPs)
             Began as a Gargoyle Earth Elementalist on Sept 15, 2016.
             Was a High Priest of Vehumet.
             Slain by a seven-headed hydra (12 damage)
             ... on level 6 of the Lair of Beasts.
             The game lasted 01:50:14 (22372 turns).

Trateck the Thaumaturge (GrEE)                     Turns: 22372, Time: 01:50:15

Health: 0/78       AC: 19    Str: 15    XL:     13   Next: 54%
Magic:  0/28       EV: 14    Int: 26    God:    Vehumet [*****.]
Gold:   769        SH:  0    Dex: 10    Spells: 5 memorised, 12 levels left

rFire  + . .     SeeInvis .     F - +1 war axe (flame)
rCold  . . .     Gourm    .     I - +1 leather armour of Decompression {rElec rF+ MR+}
rNeg   + . .     Faith    .     (no shield)
rPois  ∞         Spirit   .     N - +1 helmet {Int+3}
rElec  +         Dismiss  .     z - +0 cloak
rCorr  .         Reflect  .     f - +0 pair of gloves
MR     +....     Harm     .     (no boots)
Stlth  ++........               (no amulet)
                                v - +2 ring of strength
                                M - +3 ring of intelligence

@: very slightly contaminated
A: negative energy resistance 1, electricity resistance, unbreathing,
petrification resistance, rot immunity, AC +9
a: Renounce Religion


You were on level 6 of the Lair of Beasts.
You worshipped Vehumet.
Vehumet was extremely pleased with you.
You were not hungry.

You visited 3 branches of the dungeon, and saw 16 of its levels.
You also visited: Sewer.

You collected 769 gold pieces.

Inventory:

Hand Weapons
 t - the +6 broad axe "Arcanum" {chop, Dex+4}
   (You found it on level 5 of the Lair of Beasts)

   It inflicts extra damage upon your enemies.
   It affects your dexterity (+4).
 A - a +1 flail of holy wrath
 F - a +1 war axe of flaming (weapon)
 U - a +2 flail of crushing
Armour
 f - a +0 pair of gloves (worn)
 g - the +3 hat of Pondering {ponderous, MR+ MP+10 Int+5}
   (You took it off Gastronok on level 2 of the Lair of Beasts)

   It affects your intelligence (+5).
   It affects your resistance to hostile enchantments.
   It affects your magic capacity (+10).
 z - a +0 cloak (worn)
 I - the +1 leather armour of Decompression (worn) {rElec rF+ MR+}
   (You found it on level 6 of the Dungeon)

   It protects you from fire.
   It insulates you from electricity.
   It affects your resistance to hostile enchantments.
 N - a +1 helmet of intelligence (worn)
Jewellery
 k - an uncursed ring of resist corrosion
 l - an uncursed ring of fire
 m - an uncursed ring of positive energy
 v - a +2 ring of strength (right hand)
 E - an uncursed ring of fire
 M - a +3 ring of intelligence (left hand)
 Y - a cursed amulet of inaccuracy {unknown}
Wands
 b - a wand of enslavement (12/24)
 c - a wand of lightning (11/15)
 i - a wand of iceblast (0/15)
 y - a wand of teleportation (5/9)
 W - a wand of digging (8/24)
 X - a wand of hasting (2/9)
 Z - a wand of lightning (4/15)
Scrolls
 e - a scroll of teleportation
 n - 3 scrolls of fear
 u - 6 scrolls of remove curse
 x - a scroll of magic mapping
 C - 3 scrolls of recharging
 O - 3 scrolls of fog
Potions
 a - 3 potions of mutation
 j - 2 potions of brilliance
 o - 3 potions of lignification
 p - 5 potions of curing
 r - a potion of cancellation
 s - a potion of agility
 w - 6 potions of flight
 D - a potion of cure mutation {unknown}
 G - a potion of invisibility
 J - a potion of haste {unknown}
 T - a potion of might {unknown}
Books
 K - a book of Annihilations

   Spells                             Type                      Level
   a - Poison Arrow                   Conjuration/Poison           6
   b - Chain Lightning                Conjuration/Air              8
   c - Lehudib's Crystal Spear        Conjuration/Earth            8
   d - Glaciate                       Conjuration/Ice              9
   e - Fire Storm                     Conjuration/Fire             9
 S - a book of the Earth

   Spells                             Type                      Level
   a - Leda's Liquefaction            Hexes/Earth                  4
   b - Bolt of Magma                  Conjuration/Fire/Earth       5
   c - Statue Form                    Transmutation/Earth          6
   d - Iron Shot                      Conjuration/Earth            6
   e - Shatter                        Earth                        9
 V - Iguocu's Grimoire of Shifting Augmentations
   (You found it on level 3 of the Lair of Beasts)

   Spells                             Type                      Level
   a - Infusion                       Charms                       1
   b - Statue Form                    Transmutation/Earth          6
   c - Hydra Form                     Transmutation                6
   d - Ring of Flames                 Charms/Fire                  7
Comestibles
 d - 8 bread rations
 q - 7 meat rations
 B - 5 chunks of flesh


   Skills:
 + Level 7.9 Fighting
 + Level 6.7 Maces & Flails
 + Level 7.5 Armour
 + Level 6.3 Dodging
 - Level 2.1 Stealth
 * Level 11.0 Spellcasting
 + Level 8.8 Conjurations
   Level 0.7 Transmutations
 * Level 7.6 Fire Magic
 + Level 10.1 Earth Magic


You had 12 spell levels left.
You knew the following spells:

 Your Spells              Type           Power        Failure   Level  Hunger
b - Stone Arrow           Conj/Erth      ######       1%          3    None
c - Lee's Rapid Deconstr  Erth           ######....   1%          5    ###....
d - Mephitic Cloud        Conj/Pois/Air  ####....     1%          3    None
e - Bolt of Magma         Conj/Fire/Erth ######....   1%          5    ###....
f - Iron Shot             Conj/Erth      ######....   4%          6    #####..


Dungeon Overview and Level Annotations

Branches:
Dungeon (9/15)             Temple (1/1) D:5            Lair (6/6) D:9
  Swamp (0/4) Lair:4        Snake (0/4) Lair:3        Slime (0/5) Lair:5
    Orc: D:9-12

Altars:
Ashenzari
Cheibriados
Dithmenos
Elyvilon
Fedhas
Gozag
Hepliaklqana
Kikubaaqudgha
Makhleb
Nemelex Xobeh
Okawaru
Qazlal
Ru
Sif Muna
Trog
Uskayaw
Vehumet
Xom
Yredelemnul
Zin
The Shining One
Jiyva

Shops:
D:4 *   D:7 }   D:9 *

Annotations:
D:9 Arkorax's ghost, journeyman GrBe
Lair:2 exclusion: oklob plant


Innate Abilities, Weirdness & Mutations

You are resistant to torment.
Your stone body is resilient. (AC +9)
You are immune to poison.
You resist negative energy. (rN+)
You are resistant to electric shocks. (rElec)
You can survive without breathing.
You are immune to petrification.
You are immune to rotting.


Message History

The seven-headed hydra misses you.
Casting: Bolt of Magma
Confirm with . or Enter, or press ? or * to list all spells.
Aiming: Stone Arrow
Press: ? - help, Shift-Dir - straight line, f/p - seven-headed hydra
Aim: a seven-headed hydra (severely wounded)
The stone arrow hits the seven-headed hydra.
The seven-headed hydra is almost dead.
The seven-headed hydra completely misses you.
The seven-headed hydra misses you.
The seven-headed hydra bites you but does no damage.
The seven-headed hydra misses you.
The seven-headed hydra bites you but does no damage.
The seven-headed hydra bites you!
* * * LOW HITPOINT WARNING * * *
The seven-headed hydra bites you but does no damage.
Okay, then.
You feel better. The seven-headed hydra misses you.
The seven-headed hydra bites you!
You die...

..#. .......
....#
.......
.....
....S..
.....#.
....P..
#...##....#
#...#..#
#...# #...#
#8.@# ..
#.÷D##....
##..........
#%......##P.
#....##...#
.......##
..#..P
.........
..$#.P
......##.
....P..
#...## D.
.......


You could see a seven-headed hydra.

Vanquished Creatures
  Gastronok (Lair:2)
  Josephine (Lair:4)
  3 hydras
  4 death yaks (Lair:5)
  Sonja (Lair:3)
  A hill giant (D:7)
  A griffon (Lair:4)
  9 spiny frogs
  A black mamba (Lair:3)
  11 komodo dragons
  2 polar bears
  A two-headed ogre (D:9)
  Prince Ribbit (D:7)
  5 blink frogs (Lair:2)
  A spriggan (Lair:5)
  2 basilisks
  4 wraiths (Lair:4)
  23 yaks
  6 hippogriffs
  4 vampire mosquitoes (Lair:4)
  4 nagas (Lair:3)
  8 water moccasins
  12 porcupines
  9 ice beasts
  A black bear (Lair:5)
  2 orc warriors
  4 sky beasts
  A phantom (D:8)
  2 ogres
  A wasp (D:7)
  A necrophage (D:9)
  12 wolves
  4 centaurs
  11 crocodiles
  Blork the orc (D:5)
  2 big kobolds
  14 giant frogs
  A gnoll sergeant (D:7)
  A wyvern zombie (D:7)
  3 scorpions
  A water moccasin skeleton (D:6)
  4 killer bees (D:9)
  4 howler monkeys (D:8)
  3 crimson imps
  A quasit (D:4)
  2 centaur skeletons (D:4)
  7 orc priests
  A giant frog zombie (D:9)
  2 hounds
  3 jellies
  A gnoll shaman (D:6)
  6 iguanas
  5 worker ants
  7 orc wizards
  A hound skeleton (D:4)
  A howler monkey zombie (D:9)
  8 gnolls
  8 adders
  31 river rats
  3 shadow imps
  An ooze (D:2)
  2 worms
  3 dart slugs
  5 giant geckos
  54 orcs
  7 bats
  8 giant cockroaches
  4 goblins (D:1)
  13 hobgoblins
  12 jackals
  2 quokkas
  5 frilled lizards
  A giant cockroach zombie (D:5)
  A giant gecko skeleton (D:4)
  A jackal zombie (D:5)
  20 kobolds
  2 rats
  3 fungi
  A plant (Lair:5)
420 creatures vanquished.

Vanquished Creatures (others)
  A fungus (Lair:2)
  3 plants
  11 toadstools (Lair:2)
15 creatures vanquished.

Grand Total: 435 creatures vanquished

Notes
Turn   | Place    | Note
-------+----------+-------------------------------------------
     0 | D:1      | Trateck the Gargoyle Earth Elementalist began the quest for the Orb.
     0 | D:1      | Reached XP level 1. HP: 10/10 MP: 3/3
   205 | D:1      | Reached XP level 2. HP: 15/15 MP: 0/5
   352 | D:1      | Reached skill level 3 in Spellcasting
   352 | D:1      | Reached XP level 3. HP: 10/19 MP: 1/7
   603 | D:1      | Learned a level 3 spell: Stone Arrow
  1429 | D:2      | Reached XP level 4. HP: 23/24 MP: 3/8
  1527 | D:2      | Reached skill level 1 in Conjurations
  1558 | D:2      | Found a faded altar of an unknown god.
  1770 | D:2      | Found a hide-covered altar of Uskayaw.
  1771 | D:2      | Found a hazy altar of Hepliaklqana.
  1934 | D:2      | Found a radiant altar of Vehumet.
  1948 | D:2      | Became a worshipper of Vehumet
  2988 | D:4      | Reached XP level 5. HP: 26/28 MP: 5/10
  2990 | D:4      | Reached skill level 4 in Spellcasting
  3164 | D:4      | Found Noshrahaf's Assorted Antiques.
  3240 | D:4      | Reached * piety under Vehumet
  3240 | D:4      | Offered knowledge of Magic Dart by Vehumet.
  3298 | D:4      | Reached XP level 6. HP: 28/32 MP: 8/12
  3305 | D:4      | Learned a level 5 spell: Lee's Rapid Deconstruction
  3474 | D:4      | Reached skill level 5 in Earth Magic
  4254 | D:4      | Reached XP level 7. HP: 36/36 MP: 11/14
  4465 | D:5      | Entered Level 5 of the Dungeon
  4490 | D:5      | Reached skill level 5 in Spellcasting
  4545 | D:5      | Noticed Blork the orc
  4662 | D:5      | Offered knowledge of Sting by Vehumet.
  4711 | D:5      | Reached ** piety under Vehumet
  5310 | D:5      | Reached skill level 6 in Spellcasting
  5367 | D:5      | Reached XP level 8. HP: 40/42 MP: 17/17
  5410 | D:5      | Found a staircase to the Ecumenical Temple.
  5415 | D:5      | Killed Blork the orc
  5507 | Temple   | Entered the Ecumenical Temple
  6051 | D:6      | Found a glowing drain.
  6057 | D:6      | Reached skill level 1 in Fighting
  6057 | D:6      | Reached skill level 1 in Maces & Flails
  6120 | Sewer    | Entered a sewer
  6191 | Sewer    | Reached skill level 1 in Armour
  6691 | D:6      | Got a faintly glowing leather armour
  6702 | D:6      | Identified the +1 leather armour of Decompression {rElec rF+ MR+} (You found it on level 6 of the Dungeon)
  7246 | D:7      | Offered knowledge of Mephitic Cloud by Vehumet.
  7267 | D:7      | Reached skill level 5 in Conjurations
  7693 | D:7      | Reached XP level 9. HP: 24/49 MP: 19/19
  8038 | D:7      | Noticed a hill giant
  8045 | D:7      | HP: 1/49 [hill giant/giant club (24)]
  8050 | D:7      | Killed a hill giant
  8050 | D:7      | Reached skill level 7 in Spellcasting
  8180 | D:7      | Reached *** piety under Vehumet
  8213 | D:7      | Learned a level 3 spell: Mephitic Cloud
  8219 | D:7      | Noticed Prince Ribbit
  8376 | D:7      | Killed Prince Ribbit
  8726 | D:7      | Found Feydiwif's Gadget Boutique.
  9687 | D:8      | Found a shadowy altar of Dithmenos.
  9778 | D:8      | Offered knowledge of Static Discharge by Vehumet.
  9805 | D:8      | Reached XP level 10. HP: 54/57 MP: 15/21
  9971 | D:8      | Found a shimmering altar of Xom.
  9971 | D:8      | Noticed an angel
  9972 | D:8      | Found a glowing silver altar of Zin.
 10429 | D:8      | Reached **** piety under Vehumet
 10430 | D:8      | Reached skill level 8 in Spellcasting
 10824 | D:9      | Found a blossoming altar of Fedhas.
 11199 | D:9      | Offered knowledge of Conjure Flame by Vehumet.
 11337 | D:9      | Found a staircase to the Lair.
 11477 | D:9      | Found Meelehae's General Store.
 11515 | D:9      | Learned a level 5 spell: Bolt of Magma
 11522 | D:9      | Learned a level 6 spell: Iron Shot
 11797 | D:9      | Noticed Arkorax's ghost (journeyman GrBe)
 12109 | Lair:1   | Entered Level 1 of the Lair of Beasts
 12143 | Lair:1   | Reached skill level 1 in Fire Magic
 12499 | Lair:1   | Noticed a spiny frog
 12504 | Lair:1   | Killed a spiny frog
 12507 | Lair:1   | Noticed a four-headed hydra
 12517 | Lair:1   | Killed a one-headed hydra
 12517 | Lair:1   | Reached skill level 5 in Fighting
 12740 | Lair:1   | Reached XP level 11. HP: 31/63 MP: 18/23
 13420 | Lair:1   | Reached skill level 9 in Spellcasting
 13757 | Lair:1   | Reached skill level 5 in Armour
 14539 | Lair:2   | Noticed Gastronok
 14556 | Lair:2   | Killed Gastronok
 14556 | Lair:2   | Reached skill level 5 in Maces & Flails
 14698 | Lair:2   | Reached ***** piety under Vehumet
 14699 | Lair:2   | Offered knowledge of Iskenderun's Battlesphere by Vehumet.
 14843 | Lair:2   | Noticed a four-headed hydra
 14853 | Lair:2   | Killed a one-headed hydra
 15178 | Lair:2   | Found a frozen archway.
 15181 | Lair:2   | Reached skill level 5 in Dodging
 15199 | Lair:2   | Reached skill level 5 in Fire Magic
 15738 | Lair:2   | Reached XP level 12. HP: 68/70 MP: 25/25
 15768 | Lair:2   | Found a blossoming altar of Fedhas.
 16849 | Lair:3   | Identified Iguocu's Grimoire of Shifting Augmentations
 16930 | Lair:3   | Reached skill level 10 in Spellcasting
 17250 | Lair:3   | Found a staircase to the Snake Pit.
 17405 | Lair:3   | Noticed Sonja
 17409 | Lair:3   | Killed Sonja
 18059 | Lair:4   | Noticed a seven-headed hydra
 18174 | Lair:4   | Killed a six-headed hydra
 18915 | Lair:4   | Found a staircase to the Swamp.
 19176 | Lair:4   | Noticed Josephine
 19180 | Lair:4   | Killed Josephine
 19180 | Lair:4   | Reached XP level 13. HP: 76/76 MP: 16/27
 20475 | Lair:5   | Got a jewelled broad axe
 20476 | Lair:5   | Identified the +6 broad axe "Arcanum" {chop, Dex+4} (You found it on level 5 of the Lair of Beasts)
 20627 | Lair:5   | Reached skill level 10 in Earth Magic
 21781 | Lair:5   | Found a viscous altar of Jiyva.
 21781 | Lair:5   | Found a staircase to the Slime Pits.
 21901 | Lair:5   | Reached skill level 11 in Spellcasting
 22298 | Lair:6   | Entered Level 6 of the Lair of Beasts
 22371 | Lair:6   | HP: 2/78 [seven-headed hydra (9)]
 22372 | Lair:6   | Slain by a seven-headed hydra

Vault maps used:
D:1:      minmay_arrival_doors
D:2:      nicolae_overflow_hidden_temple, nicolae_overflow_crystal_walls,
          ecumenical_altar_1
D:3:      first_bread
D:4:      kennysheep_windowed_goal
D:5:      serial_bayou, serial_bayou_shore_a, serial_bayou_pond_e,
          serial_bayou_pond_e, serial_bayou_shore_b, serial_bayou_lake_a,
          uniq_blork_the_orc
D:6:      portal_sewer_entry_a
D:7:      serial_shops, shop, uniq_prince_ribbit1
D:8:      grunt_temple_overflow_order_and_chaos_1, grunt_ogre_cave,
          grunt_dithmenos_shadows
D:9:      lair_0_dummy, basic_altar, serial_shops, nicolae_shop_trees,
          library_closet
Temple:   eino_temple_rhombus
Lair:1:   cheibrodos_lair_caveside_slide, minivault_19
Lair:2:   portal_ice_cave_entry_ice_beasts, tgw_fedhas, uniq_gastronok
Lair:3:   minmay_snake_entry_guardpost_small, serial_bayou_ford_a, uniq_sonja
Lair:4:   minmay_swamp_entry_swarm, uniq_josephine
Lair:5:   dpeg_slime_entry_enclosed_altar, grunt_forest_stairs_clearing,
          grunt_megastairs_2
Lair:6:   evilmike_catoblepas_cave, grunt_megastairs_5
Sewer:    sewer_the_crocodile

Skill      XL: |  1  2  3  4  5  6  7  8  9 10 11 12 13 |
---------------+----------------------------------------+-----
Spellcasting   | 3 4 6 7 8 9 10 11 | 11.0
Earth Magic    | 4 5 6 7 8 9 10 | 10.1
Conjurations   | 2 3 4 5 6 7 8 |  8.8
Fighting       | 2 4 5 6 7 |  7.9
Maces & Flails | 2 3 4 5 6 |  6.7
Armour         | 2 3 4 5 6 7 |  7.5
Dodging        | 2 3 4 5 6 |  6.3
Fire Magic     | 2 5 6 7 |  7.6
Stealth        | |  2.1
Transmutations | |  0.7

Action                   |  1- 3 |  4- 6 |  7- 9 | 10-12 | 13-15 || total
-------------------------+-------+-------+-------+-------+-------++-------
Melee: Short sword       |    44 |     5 |       |    24 |       ||    73
       Dagger            |       |    40 |   376 |   130 |       ||   546
       Flail             |       |       |       |    37 |    32 ||    69
       War axe           |       |       |       |   266 |     3 ||   269
       Broad axe         |       |       |       |       |    78 ||    78
Throw: Stone             |     1 |       |       |       |       ||     1
 Cast: Sandblast         |    43 |    81 |    25 |     1 |       ||   150
       Stone Arrow       |       |       |    68 |   146 |    17 ||   231
       Lee's Rapid Decon |       |       |     3 |    13 |     7 ||    23
       Mephitic Cloud    |       |       |     3 |     8 |     5 ||    16
       Bolt of Magma     |       |       |       |    53 |    30 ||    83
       Iron Shot         |       |       |       |     1 |       ||     1
Evoke: Wand              |       |     2 |       |     2 |     1 ||     5
  Use: Scroll            |       |    14 |     5 |     8 |     3 ||    30
       Potion            |       |     2 |     2 |     4 |     3 ||    11
 Stab: Sleeping          |       |       |     1 |     2 |       ||     3
       Distracted        |       |       |     1 |       |       ||     1
       Confused          |       |       |       |     1 |     1 ||     2
       Invisible         |       |       |       |       |     4 ||     4
  Eat: Chunk             |     2 |     8 |    18 |    28 |    12 ||    68
       Pizza             |       |     1 |       |       |       ||     1
       Beef jerky        |       |       |     1 |     9 |     2 ||    12
Armor: Robe              |    18 |    33 |    54 |       |       ||   105
       Leather armour    |       |       |   116 |   310 |    66 ||   492
Dodge: Dodged            |    43 |    61 |   239 |   471 |   130 ||   944
